 Dungeon Crawl Stone Soup version 0.27.1-1-g398f81649c (webtiles) character file.

Game seed: 7112209253107468155

137 mainiacjoe the Caller (level 5, -4/35 HPs)
             Began as a Barachi Summoner on Sept 9, 2021.
             Killed by divine providence
             ... invoked by an orc priest
              (13 damage)
             ... on level 3 of the Dungeon.
             The game lasted 00:10:06 (3349 turns).

mainiacjoe the Caller (Barachi Summoner)            Turns: 3349, Time: 00:10:07

Health: -4/35      AC:  5    Str: 11    XL:     5   Next: 20%
Magic:  5/9        EV: 10    Int: 15    God:
Gold:   14         SH:  0    Dex: 12    Spells: 4/10 levels left

rFire    . . .     SeeInvis .   a - +0 long sword
rCold    . . .     Faith    .   (no shield)
rNeg     . . .     Spirit   .   n - +0 ring mail
rPois    .         Reflect  .   (no helmet)
rElec    .         Harm     .   (no cloak)
rCorr    .         Rampage  .   (no gloves)
Will     .....                  (no boots)
Stlth    +.........             (no amulet)
HPRegen  0.11/turn              (no ring)
MPRegen  0.11/turn              (no ring)

@: slow
A: amphibious, slowness 1, strong legs 1, +LOS
a: Hop


You were on level 3 of the Dungeon.
You visited 1 branch of the dungeon, and saw 3 of its levels.

You collected 131 gold pieces.
You spent 117 gold pieces at shops.

Inventory:

Hand Weapons
 a - a +0 long sword (weapon)
 d - a +0 club
 e - a +0 short sword
Missiles
 b - 131 stones (quivered)
 f - 46 arrows
 k - 20 poisoned darts
Armour
 h - a +0 robe
 m - a +0 leather armour
 n - a +0 ring mail (worn)
Scrolls
 c - a scroll of enchant weapon {unknown}
 o - a scroll of teleportation {unknown}
Potions
 g - a potion of ambrosia {unknown}
 i - a potion of degeneration
 j - 3 potions of heal wounds
 l - 2 potions of berserk rage {unknown}
 p - a potion of curing


   Skills:
 - Level 0.3 Fighting
 - Level 2.2 Dodging
 - Level 1.7 Stealth
 - Level 3.0 Spellcasting
 * Level 7.1 Summonings


You had 4 spell levels left.
You knew the following spells:

 Your Spells              Type           Power      Damage    Failure   Level
a - Summon Small Mammal   Summ           92%        N/A       2%          1
b - Call Imp              Summ           23%        N/A       4%          2
c - Call Canine Familiar  Summ           23%        N/A       8%          3

Your spell library contained the following spells:

 Spells                   Type           Power      Damage    Failure   Level
 Summon Guardian Golem    Hex/Summ       12%        N/A       34%         3
 Summon Lightning Spire   Summ/Air       12%        N/A       75%         4
 Ignite Poison            Fire/Tmut/Pois 2%         N/A       82%         3
 Mephitic Cloud           Conj/Pois/Air  2%         N/A       82%         3
 Portal Projectile        Hex/Tloc       4%         N/A       82%         3
 Leda's Liquefaction      Hex/Erth       1%         N/A       99%         4
 Bolt of Magma            Conj/Fire/Erth 1%         4d4       100%        5


Dungeon Overview and Level Annotations

Branches:
Dungeon (3/15)

Altars:
Cheibriados
Makhleb
Qazlal

Shops:
D:1 !   D:2 :


Innate Abilities, Weirdness & Mutations

You are amphibious.
You cover ground slowly.
You can hop short distances.
You have an extended range of vision and can be seen from far away.


Message History

Casting: Call Canine Familiar (dangerous; 9% risk of failure)
Confirm with . or Enter, or press ? or * to list all spells.
A metallic apparition takes form in the air.
Your hound barely misses something.
Something hits you.
* * * LOW HITPOINT WARNING * * *
The orc priest hits your hound with a +0 short sword.
Your hound barely misses something.
You swap places.
Your hound misses something.
You hear some strange, mumbled words.
Your iron imp resists with significant effort.
The orc priest hits your hound with a +0 short sword.
Something hits your iron imp.
Your hound closely misses something.
What are your orders? t - Croak!
Orders for allies: a - Attack new target. r - Retreat! s - Stop attacking. g - Guard the area. f - Follow me.
Anything else - Cancel.
Gang up on whom?
Press: ? - help, Dir - move target, f - orc priest
Aim: an orc priest, wielding a +0 short sword Attack!
The orc priest misses your hound.
Your iron imp hits something.
Your hound bites the orc priest.
Something hits your iron imp but does no damage.
Unknown command.
Your hound barely misses the orc priest.
The orc priest barely misses your hound.
Your iron imp closely misses something.
Your hound closely misses the orc priest.
Something closely misses your iron imp.
The orc priest barely misses your hound.
Your hound bites the orc priest.
Your iron imp hits something.
Reactivating autopickup.
You feel a bit more experienced.
Your hound bites the orc priest.
Your iron imp closely misses the orc priest.
Your hound bites the orc priest.
The orc priest mumbles some strange prayers to Beogh against you.
Beogh smites you!
You die...

.. ##+## .# ##...## .#
##.....## # ##.##
##.......##.# #
###...####.........#(##....
.........+........h)...!...
##....####........o#.##...#
#.#.## ##......5## .. #.###
##.†..@## ## #.# ##...## ...
#.# ##'## #.# #.# #.# #.#
#.######### #.########## #.#
#.........###.##.......# #.#
#..###.##.##...#.#####.###.#
#..##...#.#.........<...##.#
#..................<....##.#


You could see an orc priest (ally target), a friendly hound (summoned) and a
friendly iron imp (summoned).

Vanquished Creatures
  2 worms (D:2)
  A bat (D:1)
  3 endoplasms
  3 giant cockroaches
  4 goblins
  2 hobgoblins
  A quokka (D:1)
  4 frilled lizards
  4 kobolds
  12 rats
36 creatures vanquished.

Vanquished Creatures (collateral kills)
  A bullfrog (D:3)
  2 orc wizards (D:3)
  An adder (D:3)
  A dart slug (D:1)
  2 orcs (D:3)
  A ball python (D:2)
  An endoplasm (D:2)
  2 goblins (D:1)
  6 hobgoblins
  4 quokkas
  2 bats
  A frilled lizard (D:1)
  2 kobolds (D:2)
  16 rats
42 creatures vanquished.

Grand Total: 78 creatures vanquished

Notes
Turn   | Place    | Note
-------+----------+-------------------------------------------
     0 | D:1      | mainiacjoe the Barachi Summoner began the quest for the
                  | Orb.
     0 | D:1      | Reached XP level 1. HP: 13/13 MP: 3/3
    15 | D:1      | You fall into a shaft and drop 1 floor!
   125 | D:2      | Reached skill level 5 in Summonings
   274 | D:1      | Reached XP level 2. HP: 19/19 MP: 2/5
   277 | D:1      | Learned a level 2 spell: Call Imp
   464 | D:1      | Found Kanugalu's Distillery.
   473 | D:1      | Bought a potion of degeneration for 13 gold pieces
   592 | D:1      | Found a faded altar of an unknown god.
  1104 | D:1      | Reached XP level 3. HP: 6/24 MP: 4/7
  1454 | D:1      | Learned a level 3 spell: Call Canine Familiar
  2093 | D:2      | Found Povyror's Book Emporium.
  2455 | D:2      | Reached skill level 6 in Summonings
  2516 | D:2      | Reached XP level 4. HP: 30/30 MP: 8/8
  2706 | D:3      | Found a burning altar of Makhleb.
  2724 | D:3      | Found a snail-covered altar of Cheibriados.
  2966 | D:3      | Noticed a bullfrog
  2976 | D:3      | Killed a bullfrog
  2987 | D:3      | Found a stormy altar of Qazlal.
  3065 | D:1      | Bought a potion of curing for 39 gold pieces
  3207 | D:1      | Bought a potion of heal wounds for 65 gold pieces
  3341 | D:3      | Reached skill level 7 in Summonings
  3341 | D:3      | Reached XP level 5. HP: 9/35 MP: 5/9
  3349 | D:3      | Killed from afar by an orc priest

Illustrated notes

Levels and vault maps discovered:
D:1:      dpeg_arrival_stone_temple_mockup, layout_basic,
          shapermc_ecumenical_altar_gd, serial_shops,
          nicolae_shop_competitors_out_of_business, minmay_statues_item
D:2:      minmay_inner_zag, layout_basic, serial_shops, nicolae_lakefront_shop,
          minmay_rat_hole
D:3:      layout_loops_corners, riverfiend_overflow_shadow_ancestor,
          nicolae_qazlal_general_emergency, lemuel_doored_altar,
          mainiacjoe_overflow_large_starburst

Skill      XL: |  1  2  3  4 |
---------------+-------------+-----
Summonings     | 5 6 7 |  7.1
Spellcasting   | 3 |  3.0
Fighting       | |  0.3
Dodging        | |  2.2
Stealth        | |  1.7

Action                   |  1- 3 |  4- 6 || total
-------------------------+-------+-------++-------
Melee: Short sword       |     2 |       ||     2
       Unarmed           |     2 |       ||     2
       Long sword        |    76 |    23 ||    99
Throw: Stone             |    82 |    35 ||   117
 Cast: Summon Small Mamm |    12 |       ||    12
       Call Imp          |    17 |     6 ||    23
       Call Canine Famil |       |     1 ||     1
 Stab: Sleeping          |     1 |       ||     1
Armor: Robe              |    10 |       ||    10
       Ring mail         |     9 |    14 ||    23
       Leather armour    |     2 |       ||     2
Dodge: Dodged            |    58 |     9 ||    67
       Rpst.: Long sword |    18 |     3 ||    21
